[Event "Live Chess"]
[Site "Chess.com"]
[Date "2023.05.21"]
[Round "-"]
[White "wot-not"]
[Black "Biranidun"]
[Result "0-1"]
[WhiteElo "1540"]
[BlackElo "2529"]
[TimeControl "300"]
[EndTime "6:16:01 PDT"]
[Termination "Biranidun won by resignation"]

1. e4 c5 2. f4 g6 3. Nf3 Bg7 4. d4 cxd4 5. Bd3 Nc6 6. O-O d6 7. Nbd2 Nf6 8. Nb3 Bg4 9. Bd2 O-O 10. h3 Bxf3 11. Qxf3 a5 12. Rae1 a4 13. Nc1 a3 14.
b3 Nd7 15. f5 Nde5 16. Qf2 Qb6 17. Kh1 Rac8 18. Bg5 h6 19. Bh4 g5 20. Bg3 Nb4 21. h4 Bf6 22. hxg5 hxg5 23. Qe2 Kg7 24.
Kg1 Nxc2 25. Bxc2 d3+ 26. Qf2 Qxf2+ 27. Bxf2 Rxc2 28. Rd1 d2 29. Ne2 Rxa2 30. Nc3 Nf3+ 31. gxf3 Bxc3 32. Kg2 Rc2 33. Be3 a2 34. Bxg5 a1=Q 35.
Rxa1 d1=Q+ 0-1

[Event "Live Chess"]
[Site "Chess.com"]
[Date "2023.05.21"]
[Round "-"]
[White "HoarseyHorsey"]
[Black "Mugzwang"]
[Result "1-0"]
[WhiteElo "1466"]
[BlackElo "1522"]
[TimeControl "300"]
[EndTime "6:16:05 PDT"]
[Termination "HoarseyHorsey won on time"]

1. d4 d5 2. c4 e6 3. Nc3 Nf6 4. cxd5 exd5 5. Bg5 h6 6. Bh4 Be7 7. e3 O-O 8. Nf3 c6 9. Bd3 Re8 10. Qc2 Bg4 11. Ne5 Be6 12. f3 Nbd7 13. Bg3 Nxe5 14. Bxe5 Nd7 15. Bg3 c5 16. O-O cxd4 17. exd4 Qb6 18.
Ne2 Rac8 19. Qd2 Bb4 20. Nc3 Bd6 21. Bf2 Qc7 22. g3 Nf6 23. Rac1 Bh3 24. Rfe1 Qa5 25. Bf1 Bxf1 26. Kxf1 Bb4 27. Rxe8+ Rxe8 28. Be1 Bxc3 29. bxc3 Qb5+ 30. Kg1 Re2 31. Qf4 Qb2 32. g4 Qxa2 33. Bg3 Qb2 34. Qb8+ Kh7 35. Qf4 Rd2 36. Qf5+ Kh8 37.
Qc8+ Ng8 38. Re1 Rg2+ 39. Kh1 Qd2 40. Re8 Qd1+ 41. Re1 Qxf3 42. Qf5 Qxf5 43. gxf5 Rc2 44. Re3 Rc1+ 45. Kg2 Rc2+ 46. Kf3 1-0

[Event "Live Chess"]
[Site "Chess.com"]
[Date "2023.05.21"]
[Round "-"]
[White "AndriY19966"]
[Black "garyjc"]
[Result "1/2-1/2"]
[WhiteElo "784"]
[BlackElo "1035"]
[TimeControl "300"]
[EndTime "6:16:13 PDT"]
[Termination "Game drawn - insufficient material"]

1. e4 c5 2. d4 cxd4 3. Qxd4 Nc6 4. Qc4 Ne5 5. Qc3 d6 6. Bf4 Nf6 7. Bxe5 dxe5 8. Qxe5 e6 9. Bb5+ Nd7 10. Nc3 Be7 11. Qxg7 Rf8 12. Qxh7 a6 13. Bxd7+ Bxd7 14. O-O-O Bb4 15.
Na4 Qg5+ 16. Kb1 Bxa4 17. Nf3 Qc5 18. e5 Qxc2+ 19. Qxc2 Bxc2+ 20. Kxc2 Rc8+ 21. Kb1 Ke7 22. a3 Bc5 23. Rc1 b6 24. Rhd1 Rg8 25. Nh4 Bxf2 26. Rxc8 Rxc8 27. Rd6 Bxh4 28. g3 Bg5 29. Rxb6 Rc1+ 30. Ka2 Rc2 31. h4 Be3 32. Rxa6 Bf2 33. Ra4 Bxg3 34. Re4 Rh2 35. a4 Bxh4 36. a5 Bf2 37.
Re2 Kd7 38. b4 Kc6 39. Ka3 Kb5 40. Kb3 Ka6 41. Kc4 Kb7 42. Kb5 Ka7 43. Kc6 Ka6 44. Kd7 Kb5 45. Rb2 Kc4 46. Ke7 Bh4+ 47. Kxf7 Rxb2 48.
Kxe6 Rxb4 49. Kd7 Rb5 50. e6 Rxa5 51. e7 Bxe7 52. Kxe7 Ra6 53. Kd7 Kb5 54. Kc7 Rb6 55. Kd7 Kc5 56. Kc7 Kd5 57. Kxb6 1/2-1/2

[Event "Live Chess"]
[Site "Chess.com"]
[Date "2023.05.21"]
[Round "-"]
[White "gmnorfolk"]
[Black "AttackingSnowLeopard"]
[Result "0-1"]
[WhiteElo "2130"]
[BlackElo "2168"]
[TimeControl "300"]
[EndTime "6:16:34 PDT"]
[Termination "AttackingSnowLeopard won by resignation"]

1. d4 d5 2. c4 c6 3. cxd5 cxd5 4. Nc3 Nf6 5. Bf4 Nc6 6. Nf3 Bf5 7. e3 e6 8. Bb5 Qb6 9. Ne5 Bb4 10. O-O O-O 11.
Qa4 Bxc3 12. bxc3 Nxe5 13. Bxe5 Ne4 14. Rfc1 f6 15. Bg3 a6 16. Bf1 Nd2 17. c4 Nxf1 18.
Kxf1 Bd3+ 19. Kg1 dxc4 20. Qd1 Qc6 21. f3 Qd5 22. Qd2 b5 23. Bf2 e5 24. e4 Qd7 25. d5 f5 26. Qe3 fxe4 27. fxe4 Rf4 28. a4 Rxe4 29. Qc5 Rc8 30. Qb4 Qxd5 31. axb5 Rg4 32. g3 Qf3 33. bxa6 Be4 34. Kf1 Qg2+ 35.
Ke1 Qh1+ 36. Ke2 Bd3+ 37. Kd2 Qf3 38. Qb6 c3+ 39. Rxc3 Qe2+ 0-1

[Event "Live Chess"]
[Site "Chess.com"]
[Date "2023.05.21"]
[Round "-"]
[White "davigator"]
[Black "Alfiedog12"]
[Result "1-0"]
[WhiteElo "2313"]
[BlackElo "918"]
[TimeControl "300"]
[EndTime "6:16:41 PDT"]
[Termination "davigator won by resignation"]

1. e4 c6 2. d4 d5 3. e5 Bf5 4. c4 e6 5. Qb3 Qb6 6. Nc3 Qxb3 7. axb3 a6 8. c5 Nd7 9. b4 b5 10. Bxb5 cxb5 11. Nxb5 Kd8 12. Bd2 Ne7 13. Nd6 Bg6 14. b5 a5 15. Rxa5 Rxa5 16. Bxa5+ Nb6 17.
Bxb6+ Kd7 18. c6+ Nxc6 19. bxc6+ Kxc6 20. Bc5 Bxd6 21. exd6 f5 22. Nf3 Be8 23. Kd2 Bd7 24.
Ne5+ Kb5 25. Nxd7 Ra8 26. Kc3 Ra2 27. Re1 1-0

[Event "Live Chess"]
[Site "Chess.com"]
[Date "2023.05.21"]
[Round "-"]
[White "bonantagulo"]
[Black "WelshTiger"]
[Result "0-1"]
[WhiteElo "2080"]
[BlackElo "2312"]
[TimeControl "300"]
[EndTime "6:16:50 PDT"]
[Termination "WelshTiger won by resignation"]

1. d4 d5 2. c4 e6 3. Nc3 Nf6 4.
Nf3 c5 5. cxd5 exd5 6. g3 Nc6 7. Bg2 Be7 8. O-O O-O 9. Bg5 c4 10. b3 Qa5 11. Rc1 Be6 12. bxc4 dxc4 13. e4 Rad8 14. d5 Bg4 15. Qc2 Bxf3 16. Bxf3 Ne5 17. Bg2 h6 18. Be3 b5 19. Ne2 Nd3 20. Rb1 Bc5 21. Nd4 Bxd4 22. Bxd4 Nd7 23. Qc3 Qxc3 24. Bxc3 a6 25. a4 Rb8 26. axb5 axb5 27. Bb4 Nxb4 28.
Rxb4 Nc5 29. Rfb1 Nb3 30. Bf1 Rfc8 31. Kg2 Nd2 32. Rc1 Nxe4 33. Bxc4 bxc4 34. Rbxc4 Rxc4 35. Rxc4 Nd6 36. Rc6 Rd8 37. h4 h5 38. f3 Kh7 39.
g4 Kg6 40. Kg3 hxg4 41. Kxg4 Kf6 42. h5 Ke5 43. Rc5 Nf5 44. Rc7 Nh6+ 45. Kg5 Rxd5 46. f4+ Kd6+ 47. f5 Rxf5+ 0-1

[Event "Live Chess"]
[Site "Chess.com"]
[Date "2023.05.21"]
[Round "-"]
[White "Ayursworld"]
[Black "ProfPoisson"]
[Result "1-0"]
[WhiteElo "1411"]
[BlackElo "1209"]
[TimeControl "300"]
[EndTime "6:16:59 PDT"]
[Termination "Ayursworld won on time"]

1. e4 e5 2. Nf3 Nf6 3. Nc3 Nc6 4. d4 exd4 5. Nd5 Nxe4 6. Bd3 Nc5 7. Qe2+ Be7 8. Nxe7 Nxd3+ 9. cxd3 Qxe7 10. Qxe7+ Kxe7 11. O-O Re8 12. Re1+ Kf8 13. Rxe8+ Kxe8 14. b3 d5 15. Bb2 Bg4 16. Nxd4 Nxd4 17. Bxd4 f6 18. f3 Bf5 19.
Rd1 b6 20. a3 c5 21. Bf2 d4 22. Rd2 Kd7 23. b4 Re8 24. g4 Bg6 25. Kg2 h5 26. h3 hxg4 27. hxg4 a5 28. bxc5 bxc5 29. a4 Kc6 30. f4 Bf7 31. Kg3 Bb3 32. Bg1 Bxa4 33. Ra2 Kb5 34. Rb2+ Kc6 35. Ra2 Bb5 36. Rxa5 Bxd3 37.
Ra3 Bc4 38. Ra7 g5 39. fxg5 fxg5 40. Rg7 Re5 41. Rg6+ Kd5 42. Rg7 d3 43. Kh3 d2 44.
Rd7+ Ke6 45. Rxd2 Bf1+ 46. Kg3 Rd5 47. Rc2 c4 48. Rc1 Bd3 49. Re1+ Re5 50. Rc1 Kd5 51. Ra1 Kc6 52. Ra6+ Kb5 53. Ra8 c3 54. Rb8+ Kc4 55.
Rc8+ Kb3 56. Bd4 Re1 57. Rxc3+ Kb4 58. Rxd3 1-0

[Event "Live Chess"]
[Site "Chess.com"]
[Date "2023.05.21"]
[Round "-"]
[White "NatashaRegan"]
[Black "Vitalii18a"]
[Result "1/2-1/2"]
[WhiteElo "1712"]
[BlackElo "1134"]
[TimeControl "300"]
[EndTime "6:17:08 PDT"]
[Termination "Game drawn by repetition"]

1. e4 e5 2. f4 d6 3. Nf3 exf4 4. d4 Be7 5. Bxf4 Nf6 6. Nc3 Bg4 7. Be2 O-O 8. O-O c6 9. Qe1 Na6 10. Rd1 Nb4 11.
Qg3 Qd7 12. Bxd6 Bxd6 13. e5 Bxf3 14. Bxf3 Nxc2 15. exd6 Ne3 16. Qe5 Nxf1 17. Rxf1 Rad8 18. Be4 Qg4 19. Bf5 Qh5 20. Rf3 Rfe8 21. Qc5 Re1+ 22.
Kf2 Rde8 23. d7 Nxd7 24. Bxd7 Qh4+ 25. Rg3 Qf4+ 26. Rf3 Qh4+ 27. Rg3 Qf4+ 28. Rf3 Qh4+ 1/2-1/2

[Event "Live Chess"]
[Site "Chess.com"]
[Date "2023.05.21"]
[Round "-"]
[White "chessfiction"]
[Black "Missedidea"]
[Result "1-0"]
[WhiteElo "2316"]
[BlackElo "1789"]
[TimeControl "300"]
[EndTime "6:17:15 PDT"]
[Termination "chessfiction won by resignation"]

1. e4 c5 2. d4 cxd4 3. c3 dxc3 4.
Nxc3 Nc6 5. Bg5 h6 6. Bh4 Qa5 7. Bc4 e6 8. Nf3 Nf6 9. O-O Be7 10. a3 a6 11. b4 Qd8 12. e5 Ng8 13. Bg3 g5 14.
Ne4 b5 15. Bb3 Bb7 16. Rc1 Qb6 17. Nd6+ Bxd6 18. Qxd6 Nge7 19. Rfd1 Rd8 20. h4 g4 21. Nd4 O-O 22. Nxc6 Nxc6 23. Bf4 Kg7 24. Rc3 Qa7 25. Rg3 h5 26. Bg5 Rde8 27. Bf6+ Kg8 28. Qd2 Ne7 29.
Qg5+ Ng6 30. Qh6 1-0

[Event "Live Chess"]
[Site "Chess.com"]
[Date "2023.05.21"]
[Round "-"]
[White "JohanKjeldahl"]
[Black "LL220284LL"]
[Result "0-1"]
[WhiteElo "1877"]
[BlackElo "2277"]
[TimeControl "300"]
[EndTime "6:17:22 PDT"]
[Termination "LL220284LL won by checkmate"]

1. c4 c5 2. Nc3 Nc6 3. Nf3 Nf6 4. d4 cxd4 5. Nxd4 e6 6. e4 a6 7. Be3 Qc7 8. f3 d6 9. Be2 Be7 10. O-O O-O 11. Rc1 b6 12. b3 Bb7 13. g4 Rac8 14.
g5 Nd7 15. h4 Rfe8 16. Nd5 exd5 17. cxd5 Nxd4 18. Rxc7 Nxe2+ 19. Qxe2 Rxc7 20. Bd4 Rec8 21. Qg2 Rc2 22. Qg4 Ne5 23. Bxe5 dxe5 24. h5 Bc5+ 25. Kh1 Be3 26. g6 hxg6 27. hxg6 fxg6 28. Qe6+ Kh7 29. Qxe5 Rf8 30. Qe6 Bc8 31. Qe7 Rf4 32. Re1 Bc5 33. d6 Rd2 34. e5 Bb7 35. Qxb7 Rh4# 0-1

[Event "Live Chess"]
[Site "Chess.com"]
[Date "2023.05.21"]
[Round "-"]
[White "domrobson"]
[Black "Ferrarifan27"]
[Result "0-1"]
[WhiteElo "1751"]
[BlackElo "2067"]
[TimeControl "300"]
[EndTime "6:17:23 PDT"]
[Termination "Ferrarifan27 won by resignation"]

1. d4 Nf6 2. c4 e6 3. Nf3 b6 4. a3 Bb7 5. Nc3 Be7 6. Bg5 O-O 7. e3 d6 8. Bd3 Nbd7 9. O-O h6 10. Bh4 Re8 11.
e4 e5 12. d5 a5 13. b4 Nh5 14. Bxe7 Qxe7 15. Qe2 Nf4 16. Qc2 Qf6 17. Nd2 Qg5 18. g3 h5 19. Nf3 Qg4 20. Be2 Nh3+ 21. Kg2 Nf4+ 22. Kg1 Nxe2+ 23. Qxe2 Nf6 24. Nh4 Qxe2 25. Nxe2 Nxe4 0-1

[Event "Live Chess"]
[Site "Chess.com"]
[Date "2023.05.21"]
[Round "-"]
[White "McSlash1"]
[Black "Nazar_777"]
[Result "1-0"]
[WhiteElo "2005"]
[BlackElo "1569"]
[TimeControl "300"]
[EndTime "6:17:28 PDT"]
[Termination "McSlash1 won by checkmate"]

1. e4 e6 2. d4 a6 3. f4 h5 4. Nf3 c5 5. d5 Nf6 6. Nc3 Ng4 7. h3 Nh6 8. Bd3 b5 9. b3 Qc7 10. O-O Bd6 11. dxe6 dxe6 12. e5 Be7 13.
Ne4 Nc6 14. a4 bxa4 15. Rxa4 Bb7 16. Ba3 Rc8 17. Bxa6 Bxa6 18. Rxa6 Nd4 19. Nxd4 cxd4 20. Bxe7 Kxe7 21. Nd6 Nf5 22. Nxc8+ Rxc8 23. g4 Ne3 24.
Qxd4 Nxf1 25. Ra7 Qxa7 26. Qxa7+ Kf8 27. Kxf1 hxg4 28. hxg4 g6 29. Qd7 Re8 30. b4 Kg7 31. Qxe8 g5 32. f5 exf5 33. gxf5 g4 34. b5 g3 35. Kg2 Kh6 36. Qxf7 Kg5 37. Qg6+ Kf4 38.
Qxg3+ Kxf5 39. b6 Ke6 40. b7 Kd7 41. b8=Q Kc6 42. Qc3+ Kd5 43. Qd6+ Ke4 44. Qcd3+ Kf4 45. e6+ Kg5 46. Q6g3+ Kf6 47. Qgg6+ Ke7 48. Qd7+ Kf8 49. Qgf7# 1-0

[Event "Live Chess"]
[Site "Chess.com"]
[Date "2023.05.21"]
[Round "-"]
[White "Leonid_Starozhilov"]
[Black "MovebyMove"]
[Result "1-0"]
[WhiteElo "2636"]
[BlackElo "2441"]
[TimeControl "300"]
[EndTime "6:17:30 PDT"]
[Termination "Leonid_Starozhilov won by resignation"]

1. e4 c5 2. Nf3 Nc6 3. Bb5 g6 4. O-O Bg7 5. Nc3 d6 6. Bxc6+ bxc6 7. e5 dxe5 8. Re1 Qc7 9. Ne4 Nf6 10. Nxc5 Nd7 11.
Ne4 f5 12. Nc3 e4 13. Ng5 Nf6 14. d3 h6 15. Nh3 exd3 16. Qxd3 O-O 17. Bf4 Qd7 18.
Qxd7 Bxd7 19. Rxe7 Rfe8 20. Rae1 Nd5 21. Rxe8+ Rxe8 22. Rxe8+ Bxe8 23. Nxd5 cxd5 24. b3 g5 25. Bd2 f4 26. f3 Bg6 27. c3 Bb1 28. a3 Bc2 29. b4 d4 30. c4 Kf7 31. Kf2 Bb3 32. c5 Ke6 33. Ke1 Kd5 34. Nf2 Bc2 35. Ke2 Ba4 36.
Ne4 Bc2 37. Be1 Bxe4 38. fxe4+ Kxe4 39. b5 d3+ 40. Kd1 Bd4 41. c6 g4 42. c7 1-0

[Event "Live Chess"]
[Site "Chess.com"]
[Date "2023.05.21"]
[Round "-"]
[White "DoYouLikeCurry"]
[Black "mattihelenius2"]
[Result "1-0"]
[WhiteElo "1447"]
[BlackElo "491"]
[TimeControl "300"]
[EndTime "6:17:55 PDT"]
[Termination "DoYouLikeCurry won by resignation"]

1. e4 Nc6 2. Nc3 e5 3. Bc4 Nf6 4. d3 d6 5. f4 Bg4 6. Nf3 Bh5 7. O-O Nd4 8. fxe5 Ng4 9. Nxd4 g6 10. Qf3 Nxe5 11. Qf4 Qe7 12. Nd5 g5 13. Nxc7+ Qxc7 14. Bxf7+ Ke7 15. Qxg5+ 1-0

[Event "Live Chess"]
[Site "Chess.com"]
[Date "2023.05.21"]
[Round "-"]
[White "Ian-Morley"]
[Black "nigelst"]
[Result "0-1"]
[WhiteElo "1058"]
[BlackElo "1696"]
[TimeControl "300"]
[EndTime "6:17:59 PDT"]
[Termination "nigelst won by resignation"]

1. e4 c6 2. d4 d5 3. f3 e6 4. exd5 exd5 5. Qe2+ Be6 6. Nc3 Be7 7. Nh3 Nf6 8. Nf4 Bd7 9. Bd2 O-O 10. O-O-O Re8 11.
h4 Qb6 12. b3 Ba3+ 13. Kb1 Rxe2 14. Bxe2 Na6 15. h5 h6 16. g4 Nh7 17. Bd3 Ng5 18.
Nh3 Nxf3 19. g5 Nxd2+ 20. Rxd2 Bb4 21. Rg2 Bxh3 22. Rxh3 hxg5 23. Rhg3 f6 24. h6 gxh6 25. Ne2 Be1 26. Rg4 h5 27. Rxg5+ fxg5 28. Rxg5+ Kf7 29.
Bg6+ Kf6 30. Rxh5 Kxg6 31. Nf4+ Kf6 32. Rh6+ Kf5 33. Nxd5 cxd5 34. Rxb6 axb6 35. Kb2 0-1

[Event "Live Chess"]
[Site "Chess.com"]
[Date "2023.05.21"]
[Round "-"]
[White "matt1979"]
[Black "Brooms1989"]
[Result "1/2-1/2"]
[WhiteElo "1526"]
[BlackElo "1158"]
[TimeControl "300"]
[EndTime "6:18:14 PDT"]
[Termination "Game drawn by repetition"]

1. f4 Nc6 2. Nf3 Nf6 3. e3 g6 4. Bb5 Bg7 5. O-O a6 6. Bxc6 dxc6 7. d3 Bg4 8. Qe1 h5 9. h3 Bxf3 10.
Rxf3 Qd7 11. Nc3 O-O-O 12. e4 Ne8 13. Be3 Bxc3 14. Qxc3 f6 15. Qc5 b6 16. Qa3 a5 17.
b4 Qd6 18. Qb3 Qxb4 19. Qxb4 axb4 20. a3 bxa3 21. Rxa3 Nd6 22. Rf1 Kd7 23. Bd2 Nb5 24. Rb3 Nd4 25. Rb2 Ra8 26. c3 Nb5 27. d4 Ra6 28. e5 Rf8 29. Rbb1 fxe5 30. dxe5 Ra3 31. c4 Nd4 32. Rbe1 Ra2 33. Bc3 Ne6 34. Rd1+ Ke8 35. g3 Ra3 36. Bb4 Rxg3+ 37. Kh2 Rb3 38.
Bd2 Rb2 39. Kg3 Rb3+ 40. Kg2 Rb2 41. Kg3 Rb3+ 42. Kg2 Rb2 43. Kg3 1/2-1/2

[Event "Live Chess"]
[Site "Chess.com"]
[Date "2023.05.21"]
[Round "-"]
[White "OleksiyJr1"]
[Black "RichardABates"]
[Result "0-1"]
[WhiteElo "1008"]
[BlackElo "2124"]
[TimeControl "300"]
[EndTime "6:18:17 PDT"]
[Termination "RichardABates won by resignation"]

1. e4 c5 2. Nf3 d6 3. Nc3 Nf6 4. d4 cxd4 5. Qxd4 e5 6. Qe3 Be7 7. Bd2 O-O 8. O-O-O Nc6 9. Kb1 h6 10. h3 Be6 11. g4 Nd7 12. Ne1 Bg5 13. Qg3 Nd4 14.
Bxg5 Qxg5 15. Ne2 Rfc8 16. Nxd4 exd4 17. Qxd6 Qa5 18. Qa3 Qxa3 19. bxa3 Rc3 20. Bb5 Nb6 21. Rxd4 Rxa3 22. Nd3 a6 23. Nc5 axb5 24. Nxe6 fxe6 25. Rd6 Nc4 26. Rxe6 Rxa2 27. Re8+ 0-1

[Event "Live Chess"]
[Site "Chess.com"]
[Date "2023.05.21"]
[Round "-"]
[White "Geomorph"]
[Black "LodeshChess"]
[Result "1-0"]
[WhiteElo "1282"]
[BlackElo "1168"]
[TimeControl "300"]
[EndTime "6:18:17 PDT"]
[Termination "Geomorph won by checkmate"]

1. e4 c6 2. d4 d5 3. Nc3 dxe4 4. Nxe4 Bf5 5. Ng3 Bg6 6. N1e2 Nd7 7. h4 h6 8. Nf4 Bh7 9. c3 e6 10. Bd3 Bxd3 11.
Qxd3 Ngf6 12. O-O Qc7 13. Re1 Be7 14. Qe2 O-O 15. Nxe6 fxe6 16. Qxe6+ Kh8 17. Nf5 Ng4 18. Qxe7 Qh2+ 19. Kf1 Rae8 20. Qxg7# 1-0

[Event "Live Chess"]
[Site "Chess.com"]
[Date "2023.05.21"]
[Round "-"]
[White "MarkLim1"]
[Black "grillage"]
[Result "1-0"]
[WhiteElo "1708"]
[BlackElo "1789"]
[TimeControl "300"]
[EndTime "6:18:22 PDT"]
[Termination "MarkLim1 won by resignation"]

1. e4 d5 2. exd5 Qxd5 3. Nf3 Bg4 4. Be2 Nc6 5. O-O O-O-O 6. Nc3 Qd7 7. d3 Nf6 8. Bf4 e6 9. Ne5 Nxe5 10. Bxe5 Bxe2 11.
Qxe2 Bd6 12. Bxd6 Qxd6 13. Rfe1 a6 14. Qe5 Qxe5 15. Rxe5 Rd6 16. h3 Rhd8 17. Rae1 Nd5 18. Nxd5 Rxd5 19. Rxd5 Rxd5 20. Re4 Kd7 21. Kf1 Kd6 22.
Ke2 f6 23. a4 e5 24. b4 b5 25. a5 f5 26. Rh4 h6 27. Ke3 Ke6 28. c4 bxc4 29.
Rxc4 Kd6 30. f3 g5 31. g4 f4+ 32. Ke4 Rb5 33. d4 exd4 34. Rxd4+ Ke6 35. Rc4 Re5+ 36. Kd4 Rd5+ 37. Ke4 Re5+ 38. Kd4 Re3 39. Rxc7 Rxf3 40. Rc6+ Kf7 41. Rxh6 Rxh3 42. Rxh3 1-0

[Event "Live Chess"]
[Site "Chess.com"]
[Date "2023.05.21"]
[Round "-"]
[White "JoeRoot66"]
[Black "friarnator"]
[Result "0-1"]
[WhiteElo "1902"]
[BlackElo "2026"]
[TimeControl "300"]
[EndTime "6:18:28 PDT"]
[Termination "friarnator won by resignation"]

1. e4 Nf6 2. e5 Nd5 3. d4 d6 4.
c4 Nb6 5. exd6 cxd6 6. Nc3 g6 7. b3 Bg7 8. Be3 O-O 9. Rc1 e5 10. d5 f5 11. f4 exf4 12. Bxf4 g5 13. Bd2 f4 14. h3 Re8+ 15. Be2 Bf5 16. Nf3 Bd3 17.
O-O Bxe2 18. Nxe2 N8d7 19. Qc2 Ne5 20. Ned4 Nxf3+ 21. Nxf3 Nd7 22. Qf5 h6 23. Rfe1 Qb6+ 24. Kh1 Ne5 25. Nxe5 dxe5 26. Bc3 Qf6 27. Qxf6 Bxf6 28.
Re4 Kf7 29. Rce1 Re7 30. d6 Re6 31. c5 b6 32. b4 bxc5 33. bxc5 Rc8 34. Bb4 a5 35.
Ba3 Rc6 36. Rc1 Re8 37. d7 Rd8 38. Rd1 Ke6 39. Ra4 Rxd7 40. Rxd7 Kxd7 41. Rxa5 e4 42. Ra7+ Ke6 43. Ra4 Kd5 44. Ra7 e3 45. Rd7+ Kc4 46. Rd6 Rxd6 47. cxd6 e2 48. d7 e1=Q+ 0-1

[Event "Live Chess"]
[Site "Chess.com"]
[Date "2023.05.21"]
[Round "-"]
[White "LiamBellwood"]
[Black "SavagePawn7"]
[Result "1-0"]
[WhiteElo "1914"]
[BlackElo "789"]
[TimeControl "300"]
[EndTime "6:18:29 PDT"]
[Termination "LiamBellwood won by checkmate"]

1. d4 e5 2. Nc3 exd4 3. Qxd4 Nc6 4. Qd1 Nf6 5. Nf3 Bb4 6. Bg5 d6 7. Qd3 O-O 8. e3 Bg4 9. Be2 Bxf3 10. Bxf3 Ne5 11.
Qd2 Nxf3+ 12. gxf3 Bxc3 13. Qxc3 h6 14. Bh4 g5 15.
Rg1 Nd5 16. Qd4 c6 17. f4 f6 18. fxg5 fxg5 19. f4 Nxe3 20. Qc3 Re8 21. Kd2 Nd5 22.
Qf3 Kh7 23. fxg5 hxg5 24. Rxg5 Rg8 25. Qh5# 1-0

[Event "Live Chess"]
[Site "Chess.com"]
[Date "2023.05.21"]
[Round "-"]
[White "RedRook90"]
[Black "Alfiedog12"]
[Result "1-0"]
[WhiteElo "1949"]
[BlackElo "918"]
[TimeControl "300"]
[EndTime "6:18:36 PDT"]
[Termination "RedRook90 won by resignation"]

1. c4 d5 2. cxd5 Qxd5 3. Nc3 Qd8 4.
d4 Nf6 5. Nf3 Bf5 6. Bf4 Nbd7 7.
e3 e6 8. Bd3 Bxd3 9. Qxd3 Bb4 10. O-O O-O 11. Rac1 Nc5 12. Qc2 Bxc3 13. Qxc3 Nce4 14.
Qxc7 Nd2 15. Nxd2 1-0

[Event "Live Chess"]
[Site "Chess.com"]
[Date "2023.05.21"]
[Round "-"]
[White "HoarseyHorsey"]
[Black "gmnorfolk"]
[Result "0-1"]
[WhiteElo "1466"]
[BlackElo "2130"]
[TimeControl "300"]
[EndTime "6:18:41 PDT"]
[Termination "gmnorfolk won by resignation"]

1. d4 Nf6 2. c4 g6 3. f3 Bg7 4. e4 d6 5. Nc3 O-O 6. Nge2 Nc6 7. Be3 a6 8. Qd2 Na5 9. Ng3 e5 10. d5 b5 11. cxb5 axb5 12. Bxb5 Ba6 13. Bxa6 Rxa6 14. O-O Nc4 15. Qe2 Qa8 16. Bc1 Rb8 17.
b3 Na5 18. Be3 Nxb3 19. Rab1 Nd4 20. Bxd4 exd4 21. Nd1 Rxb1 0-1

[Event "Live Chess"]
[Site "Chess.com"]
[Date "2023.05.21"]
[Round "-"]
[White "ChessClubLive"]
[Black "whitedjohn"]
[Result "0-1"]
[WhiteElo "1706"]
[BlackElo "1674"]
[TimeControl "300"]
[EndTime "6:18:56 PDT"]
[Termination "whitedjohn won by resignation"]

1. e4 Nf6 2. Nc3 d5 3. e5 Nfd7 4. d4 e6 5. f4 c5 6. Nf3 Nc6 7. Bb5 a6 8. Bxc6 bxc6 9. O-O cxd4 10. Nxd4 c5 11. Nf3 Bb7 12. Qe2 Be7 13. g4 O-O 14. f5 Qc7 15. Bf4 Qc6 16. Rae1 d4 17. Ne4 Qxe4 18.
Qxe4 Bxe4 19. Rxe4 Rab8 20. b3 Rb6 21. h4 a5 22. a4 f6 23. exf6 Nxf6 24. fxe6 Nxe4 25.
Bc7 Ra6 26. Kg2 Bd6 27. Bxd6 Rxd6 28. Re1 Rxe6 29. Ng5 Nxg5 0-1

[Event "Live Chess"]
[Site "Chess.com"]
[Date "2023.05.21"]
[Round "-"]
[White "f4nomore"]
[Black "GEMdzq"]
[Result "0-1"]
[WhiteElo "1392"]
[BlackElo "2259"]
[TimeControl "300"]
[EndTime "6:18:59 PDT"]
[Termination "GEMdzq won by checkmate"]

1. b3 e5 2. Bb2 Nc6 3. e3 d5 4. Nc3 Nf6 5. Nge2 d4 6. exd4 exd4 7. Nb5 Bc5 8. g3 a6 9. Na3 d3 10. cxd3 Ng4 11. d4 Nxd4 12. Nxd4 Bxd4 13. Qe2+ Be6 14. Bxd4 Qxd4 15. Nc2 Qb2 16. Qd3 Rd8 17. Qc3 Qxc3 18. dxc3 Ne5 19. Nd4 Bd5 20. Rg1 c5 21. Nf5 Nf3+ 22. Ke2 Nxg1+ 23. Ke3 Nf3 24. Nxg7+ Kf8 25. Nf5 Re8+ 26. Kf4 Re4+ 27. Kxf3 Re1+ 28. Kg4 Rxa1 29. Be2 Be6 30. Kg5 Bxf5 31. Kxf5 Rxa2 32. Bc4 Rxf2+ 33.
Kg4 Ke7 34. h4 Rg8+ 35. Kh5 Rf5+ 36. Kh6 Rg6+ 37. Kxh7 Rh5# 0-1

[Event "Live Chess"]
[Site "Chess.com"]
[Date "2023.05.21"]
[Round "-"]
[White "TheSmoulderingMaster"]
[Black "ossie57"]
[Result "1-0"]
[WhiteElo "1653"]
[BlackElo "1841"]
[TimeControl "300"]
[EndTime "6:19:03 PDT"]
[Termination "TheSmoulderingMaster won by resignation"]

1. e4 c5 2. Nf3 d6 3. d4 cxd4 4. Nxd4 Nf6 5. Nc3 a6 6. Be3 e5 7. Nb3 Be7 8. f3 O-O 9. Qd2 Qc7 10. O-O-O b5 11. g4 Rd8 12. h4 Bb7 13. h5 b4 14.
Nd5 Nxd5 15. exd5 a5 16. g5 a4 17. Na1 b3 18. axb3 axb3 19. Nxb3 Nd7 20. g6 Nc5 21.
gxf7+ Kxf7 22. Bxc5 Qxc5 23. Qd3 Qc8 24. Qxh7 Bg5+ 25. Kb1 Bf6 26. h6 Rh8 27. Qe4 Qd7 28. Bh3 Qa4 29. Be6+ Ke7 30. hxg7 Qa2+ 31. Kc1 Bg5+ 32.
f4 Bxf4+ 33. Qxf4 exf4 34. gxh8=Q Rxh8 35. Rxh8 Qa7 36. Rdh1 Qe3+ 37. Kb1 Kf6 38. Rf8+ Ke5 39. Rh5+ Ke4 40. Bf5+ Ke5 41. Re8+ Kf6 42. Rxe3 1-0

[Event "Live Chess"]
[Site "Chess.com"]
[Date "2023.05.21"]
[Round "-"]
[White "Bot_Boy"]
[Black "CheckThis4"]
[Result "0-1"]
[WhiteElo "332"]
[BlackElo "2521"]
[TimeControl "300"]
[EndTime "6:19:19 PDT"]
[Termination "CheckThis4 won by resignation"]

1. e4 d5 2. e5 c5 3. Nf3 Nc6 4. Bb5 Bg4 5. Bxc6+ bxc6 6. O-O e6 7. d3 Ne7 8. Nbd2 Ng6 9. g3 Nxe5 10. a4 Nxf3+ 11.
Nxf3 Qf6 12. Kg2 Qf5 13. Kh1 Bxf3+ 14. Qxf3 Qxf3+ 15. Kg1 h5 16. h4 Bd6 17. Bf4 Bxf4 18. Kh2 Rh6 19. gxf4 Qxf4+ 0-1

[Event "Live Chess"]
[Site "Chess.com"]
[Date "2023.05.21"]
[Round "-"]
[White "Ferrarifan27"]
[Black "Berdgross"]
[Result "1-0"]
[WhiteElo "2067"]
[BlackElo "697"]
[TimeControl "300"]
[EndTime "6:19:23 PDT"]
[Termination "Ferrarifan27 won by resignation"]

1. e4 e5 2. Nf3 d5 3. Nxe5 Qe7 4. d4 dxe4 5. Nc3 f6 6. Qh5+ g6 7. Nxg6 Bg7 8. Nxe7+ Kxe7 9. Nd5+ Ke6 10. Nxc7+ Kd7 11. Nxa8 1-0

[Event "Live Chess"]
[Site "Chess.com"]
[Date "2023.05.21"]
[Round "-"]
[White "KeithArkell"]
[Black "seasidecastle27"]
[Result "1-0"]
[WhiteElo "2482"]
[BlackElo "1882"]
[TimeControl "300"]
[EndTime "6:19:36 PDT"]
[Termination "KeithArkell won by resignation"]

1. d4 d6 2. g3 Nf6 3. Bg2 g6 4. Nf3 Bg7 5. c4 c6 6. O-O O-O 7. Nc3 Bg4 8. h3 Bd7 9. e4 Qc8 10. Kh2 Na6 11. Be3 c5 12. Nd5 Nxd5 13. cxd5 cxd4 14. Bxd4 Qc4 15. b3 Qb5 16. Bxg7 Kxg7 17. Rc1 Rac8 18. Nd4 Qb4 19. Qd3 Nc5 20. Qe3 Qa3 21. h4 h5 22. Bh3 Bxh3 23. Kxh3 Nd7 24. Nf5+ gxf5 25. Qg5+ Kh8 26. Qxh5+ Kg7 27. Qg5+ Kh8 28.
Rxc8 Rxc8 29. Qxe7 Nf8 30. Qf6+ Kg8 31. Qg5+ Kh8 32. Qxf5 Qc5 33. Qxf7 Qc7 34. Qf6+ Kg8 35. Rd1 Qd7+ 36. Kg2 Rc2 37. e5 dxe5 38. Qxe5 Qf7 39.
Qg5+ Kh8 40. Qe3 Qf6 41. Rd4 Rc3 42. Qxc3 1-0